 Dungeon Crawl Stone Soup version 0.31-a0-1-g4198be8af4 (webtiles) character file.

Game seed: 12367109742478995339

21350 jasper the Arsonist (level 12, -2/93 HPs)
             Began as a Demonspawn Cinder Acolyte on May 1, 2023.
             Was an Initiate of Vehumet.
             Slain by a fire elemental (7 damage)
             ... created by the fiery vengeance of Ignis
             ... on level 1 of the Lair of Beasts.
             The game lasted 00:25:28 (19578 turns).

jasper the Arsonist (Demonspawn Cinder Acolyte)    Turns: 19578, Time: 00:25:28

Health: -2/93      AC: 15    Str: 15    XL:     12   Next: 53%
Magic:  9/22       EV: 11    Int: 32    God:    Vehumet [......]
Gold:   1178       SH:  0    Dex:  9    Spells: 13/24 levels left

rFire   . . .        m - +4 halberd
rCold   . . .        (shield currently unavailable)
rNeg    . . .        D - +0 scale mail
rPois   .            (helmet restricted)
rElec   .            A - +2 cloak
rCorr   .            (no gloves)
SInv    .            H - +0 pair of boots
Will    .....        (no amulet) Stlth
                     l - +6 ring of intelligence
HPRegen 0.35/turn    s - +6 ring of intelligence
MPRegen 0.18/turn

%: no passive effects
@: mighty, fire susceptible
A: antennae 2, molten scales 2, demonic guardian 1, powered by death 3
a: Renounce Religion


You were on level 1 of the Lair of Beasts.
You worshipped Vehumet.
Vehumet was noncommittal.
You visited 4 branches of the dungeon, and saw 15 of its levels.

You collected 1178 gold pieces.

Inventory:

Hand Weapons
 a - a -1 vampiric spear
 m - a +4 halberd (weapon)
 L - a +8 sling of flaming
Missiles
 i - 2 throwing nets
Armour
 b - a +0 robe
 d - a +0 ring mail
 u - the +2 ring mail "Uprox" {Str+2}
   (You found it on level 3 of the Dungeon)

   Str:       It affects your strength (+2).
 v - a +1 cloak
 A - a +2 cloak (worn)
 D - a +0 scale mail (worn)
 H - a +0 pair of boots (worn)
Magical Staves
 w - a staff of earth
Jewellery
 l - a +6 ring of intelligence (left hand)
 q - a ring of protection from fire
 r - a ring of see invisible
 s - a +6 ring of intelligence (right hand)
 y - a ring of magical power
 C - a ring of magical power
 E - a ring of protection from fire
 J - a ring of wizardry
 O - a ring of wizardry
 P - a ring of ice
Wands
 j - a wand of mindburst (29)
 o - a wand of flame (33)
 M - a wand of charming (12)
Scrolls
 c - a scroll of brand weapon
 e - 4 scrolls of poison
 k - 3 scrolls of immolation
 n - 5 scrolls of teleportation
 x - 2 scrolls of enchant weapon
 z - a scroll of fog
 F - 2 scrolls of magic mapping
 K - 2 scrolls of identify
 N - a scroll of enchant armour
Potions
 f - 3 potions of attraction
 g - 2 potions of curing
 h - 3 potions of brilliance
 p - 3 potions of degeneration
 B - a potion of haste
 G - 2 potions of mutation
 I - a potion of lignification


   Skills:
 + Level 8.3 Fighting
 - Level 2.6 Polearms
 + Level 6.9 Armour
 - Level 6.2 Dodging
 + Level 6.6 Spellcasting
 - Level 8.0 Conjurations
 + Level 11.2 Fire Magic
 - Level 5.0 Earth Magic


You had 13 spell levels left.
You knew the following spells:

 Your Spells              Type           Power      Damage    Failure   Level
a - Scorch                Fire           100%       2d9       1%          2
b - Sticky Flame          Conj/Fire      64%        2d8       2%          4
c - Stone Arrow           Conj/Erth      100%       3d13      3%          3
d - Sublimation of Blood  Necr           10%        N/A       22%         2

Your spell library contained the following spells:

 Spells                   Type           Power      Damage    Failure   Level
 Magic Dart               Conj           100%       1d8       1%          1
 Searing Ray              Conj           100%       2d8       1%          2
 Hailstorm                Conj/Ice       36%        3d9       9%          3
 Ignite Poison            Fire/Tmut/Pois 34%        N/A       9%          3
 Necrotise                Necr           40%        1d6       14%         1
 Wereblood                Tmut           10%        N/A       22%         2
 Fulminant Prism          Conj/Hex       18%        3d10      26%         4
 Portal Projectile        Hex/Tloc       20%        N/A       38%         3
 Tukima's Dance           Hex            10%        N/A       38%         3
 Vampiric Draining        Necr           10%        2d6       38%         3
 Animate Armour           Summ/Erth      52%        N/A       45%         4
 Anguish                  Hex/Necr       5%         N/A       80%         4
 Cause Fear               Hex            5%         N/A       80%         4
 Ice Form                 Ice/Tmut       10%        N/A       80%         4
 Agony                    Necr           10%        N/A       98%         5
 Blade Hands              Tmut           5%         N/A       98%         5
 Simulacrum               Ice/Necr       5%         N/A       100%        6
 Dragon Form              Tmut           5%         N/A       100%        7
 Enfeeble                 Hex            5%         N/A       100%        7
 Summon Hydra             Summ           5%         N/A       100%        7
 Ignition                 Fire           35%        3d11      100%        8
 Lehudib's Crystal Spear  Conj/Erth      25%        10d7      100%        8
 Dragon's Call            Summ           5%         N/A       100%        9


Dungeon Overview and Level Annotations

Branches:
Dungeon (11/15)            Temple (1/1) D:6            Lair (1/5) D:11
    Orc (2/2) D:10
    Elf: Orc:2

Altars:
Ashenzari
Cheibriados
Fedhas
Hepliaklqana
Nemelex Xobeh
Okawaru
Qazlal
Sif Muna
Vehumet
Wu Jian
Xom

Shops:
D:8 !


Innate Abilities, Weirdness & Mutations

You have a pair of antennae on your head.
You are mostly covered in molten scales. (AC +3)
A weak demonic guardian rushes to your aid.
You regenerate a lot of health from kills.


Message History

Your iron imp hits the fire elemental!
The fire elemental barely misses your iron imp.
Your iron imp hits the fire elemental.
Reach: m) +4 halberd
Press: ? - help, Dir - move target, f/p - fire elemental
Aim: a fire elemental (almost destroyed, durably summoned, not watching you, ally target, about 49% to evade your +4 halberd)
You could not reach far enough!
The fire elemental hits your iron imp.
Your iron imp completely misses the fire elemental.
Reach: m) +4 halberd
Press: ? - help, Dir - move target, f/p - fire elemental
Aim: a fire elemental (almost destroyed, durably summoned, not watching you, ally target, about 49% to evade your +4 halberd)
You could not reach far enough!
The fire elemental hits your iron imp. x2
Your iron imp misses the fire elemental.
Reach: m) +4 halberd
Press: ? - help, Dir - move target, f/p - fire elemental
Aim: a fire elemental (almost destroyed, durably summoned, not watching you, ally target, about 49% to evade your +4 halberd)
You reach to attack!
You closely miss the fire elemental.
The fire elemental is almost destroyed.
Your iron imp disappears in a puff of smoke!
The fire elemental barely misses you.
Reach: m) +4 halberd
Press: ? - help, Dir - move target, f/p - fire elemental
Aim: a fire elemental (black smoke, almost destroyed, durably summoned, about 49% to evade your +4 halberd)
You closely miss the fire elemental.
The fire elemental is almost destroyed.
The fire elemental closely misses you. The fire elemental hits you.
The fire elemental burns you!
You take 11 damage, and have 30/93 hp.
You closely miss the fire elemental.
The fire elemental is severely damaged.
The fire elemental hits you. The fire elemental burns you!
* * * LOW HITPOINT WARNING * * *
A demonic guardian appears!
The fire elemental hits you. The fire elemental burns you!
* * * LOW HITPOINT WARNING * * *
You take 26 damage, and have 4/93 hp.
MASSIVE DAMAGE!!
You slash the fire elemental!
The fire elemental is almost destroyed.
The fire elemental hits you. The fire elemental burns you!
You die...

## ##### ### ##
.###.######.#.####P#####.
........@EE†.............
.....#.5####..........###
.... #..# #.<†#.......##
.......#..# #...#..##...#
.......#..# #...#..##...#
..........#
##...#F.##..##
.......#..# #....#..##..#
.......#..# ##...#..##..#
.......#..# #......##..#
#


You could see 2 fire elementals and a friendly quasit (summoned).

Vanquished Creatures
  An ice dragon (D:10)
  A boulder beetle (D:11)
  Erica (Lair:1)
  2 two-headed ogres
  A sun demon (D:11)
  2 manticores
  An orc sorcerer (Orc:1)
  Joseph (D:8)
  A black mamba (Lair:1)
  Psyche (D:7)
  3 komodo dragons
  An ice devil (D:10)
  4 rime drakes
  5 trolls
  2 polar bears
  Prince Ribbit (D:8)
  2 hellwings (D:11)
  5 blink frogs (Lair:1)
  A centaur simulacrum (D:10)
  16 yaks
  2 shadows
  A wyvern (D:9)
  4 wraiths
  A ynoxinul (D:11)
  6 fire elementals
  An unseen horror simulacrum (D:10)
  A basilisk (Lair:1)
  4 steam dragons
  A chaos spawn (D:11)
  2 acid dragons
  A warg (Orc:2)
  5 water moccasins
  2 ice beasts (D:11)
  6 orc warriors
  A sky beast (D:7)
  A black bear (D:7)
  4 ogres
  2 wolves (D:11)
  6 centaurs
  A phantom (D:5)
  7 bullfrogs
  3 scorpions
  6 wights
  9 killer bees (D:9)
  3 howler monkeys
  8 quasits
  5 hounds
  2 jellies
  A gnoll bouda (D:8)
  3 orc priests
  2 sleepcaps
  Jessica (D:3)
  6 iguanas
  3 orc wizards
  15 adders
  15 gnolls
  A shadow imp (D:6)
  3 worms
  2 dart slugs
  24 orcs
  5 ball pythons
  5 endoplasms
  3 giant cockroaches
  14 goblins
  A hobgoblin (D:3)
  9 jackals
  5 kobolds
  5 quokkas
  9 bats
  3 frilled lizards
  A rat (D:2)
283 creatures vanquished.

Vanquished Creatures (collateral kills)
  A rust devil (D:11)
  2 blink frogs
  A yak (D:7)
4 creatures vanquished.

Vanquished Creatures (others)
  2 orc wizards
  An orc (D:8)
  3 demonic plants (D:11)
  3 fungi
  3 plants
12 creatures vanquished.

Grand Total: 299 creatures vanquished

Notes
Turn   | Place    | Note
-------+----------+-------------------------------------------
     0 | D:1      | jasper the Demonspawn Cinder Acolyte began the quest for
                  | the Orb.
     0 | D:1      | Reached XP level 1. HP: 18/18 MP: 2/2
    95 | D:1      | Reached skill level 3 in Fire Magic
   151 | D:1      | Gained mutation: You regenerate a little health from kills.
                  | [demonic ancestry]
   151 | D:1      | Reached XP level 2. HP: 24/24 MP: 3/3
   256 | D:1      | Learned a level 2 spell: Scorch
  1352 | D:2      | Gained mutation: You have a pair of small antennae on your
                  | head. [demonic ancestry]
  1352 | D:2      | Reached XP level 3. HP: 29/29 MP: 1/4
  1777 | D:2      | Reached skill level 4 in Fire Magic
  2277 | D:2      | Gained mutation: You have a pair of antennae on your head.
                  | [demonic ancestry]
  2277 | D:2      | Reached XP level 4. HP: 31/35 MP: 0/5
  2641 | D:3      | Noticed Jessica
  2848 | D:3      | Reached skill level 5 in Fire Magic
  2920 | D:3      | Killed Jessica
  2965 | D:3      | Reached XP level 5. HP: 34/41 MP: 1/6
  3168 | D:3      | Found a faded altar of an unknown god.
  3280 | D:3      | Found a shimmering blue altar of Sif Muna.
  3424 | D:3      | Identified the +2 ring mail "Uprox" {Str+2}
  3632 | D:3      | Found an iron altar of Okawaru.
  3862 | D:3      | Learned a level 4 spell: Sticky Flame
  4106 | D:4      | Reached skill level 1 in Conjurations
  4106 | D:4      | Reached XP level 6. HP: 39/47 MP: 0/8
  4123 | D:4      | Reached skill level 6 in Fire Magic
  4228 | D:4      | Found a sparkling altar of Nemelex Xobeh.
  4358 | D:4      | Learned a level 3 spell: Stone Arrow
  5091 | D:5      | Entered Level 5 of the Dungeon
  5109 | D:5      | Reached skill level 1 in Earth Magic
  5172 | D:5      | Gained mutation: You are partially covered in molten
                  | scales. (AC +2) [demonic ancestry]
  5172 | D:5      | Reached XP level 7. HP: 52/52 MP: 0/10
  5868 | D:5      | Gained mutation: You are mostly covered in molten scales.
                  | (AC +3) [demonic ancestry]
  5868 | D:5      | Reached XP level 8. HP: 46/58 MP: 2/13
  6065 | D:5      | Reached skill level 7 in Fire Magic
  6479 | D:6      | Reached skill level 8 in Fire Magic
  7354 | D:6      | Found a staircase to the Ecumenical Temple.
  7703 | D:7      | Reached skill level 9 in Fire Magic
  7703 | D:7      | Gained mutation: A weak demonic guardian rushes to your
                  | aid. [demonic ancestry]
  7703 | D:7      | Reached XP level 9. HP: 63/63 MP: 6/15
  7922 | D:7      | Found a snail-covered altar of Cheibriados.
  7993 | D:7      | Reached skill level 10 in Fire Magic
  8341 | D:7      | Reached skill level 1 in Armour
  8341 | D:7      | Reached skill level 1 in Dodging
  8802 | D:8      | Reached skill level 5 in Conjurations
  8914 | D:8      | Noticed Psyche
  8914 | D:8      | Noticed Prince Ribbit
  8935 | D:8      | Noticed Joseph
  8937 | D:8      | Killed Prince Ribbit
  9055 | D:7      | Killed Psyche
  9228 | D:8      | Killed Joseph
  9229 | D:8      | Gained mutation: You regenerate health from kills. [demonic
                  | ancestry]
  9229 | D:8      | Reached XP level 10. HP: 53/71 MP: 1/16
  9334 | D:8      | Found Nihudex's Distillery.
 10836 | D:9      | Found a broken altar of Ashenzari.
 10894 | D:9      | Reached skill level 5 in Fighting
 11412 | D:10     | Entered Level 10 of the Dungeon
 11472 | D:10     | Noticed a two-headed ogre
 11480 | D:10     | Killed a two-headed ogre
 11791 | D:10     | Found a staircase to the Orcish Mines.
 11888 | D:10     | Noticed an ice dragon
 11888 | D:10     | Found the +8 frozen axe "Frostbite" {freeze, freezing
                  | cloud, *Noise Fly rC+}
 11894 | D:10     | Reached XP level 11. HP: 78/79 MP: 17/17
 12413 | D:10     | Reached skill level 5 in Earth Magic
 12882 | D:10     | Killed an ice dragon
 13590 | Orc:1    | Entered Level 1 of the Orcish Mines
 13612 | Orc:1    | Noticed an orc sorcerer
 13624 | Orc:1    | Noticed a sixfirhy
 13731 | Orc:1    | Killed an orc sorcerer
 13960 | Orc:1    | Reached skill level 5 in Armour
 14396 | Orc:2    | Entered Level 2 of the Orcish Mines
 14515 | Orc:2    | Reached skill level 5 in Dodging
 14598 | Orc:2    | Noticed an orc warlord
 14618 | Orc:1    | HP: 4/83 [orc warrior/+0 scimitar[an orc warlord] (16)]
 15051 | D:11     | Noticed a two-headed ogre
 15058 | D:10     | Reached skill level 5 in Spellcasting
 15148 | D:11     | Killed a two-headed ogre
 15161 | D:11     | Found a staircase to the Lair.
 15976 | D:11     | Noticed a boulder beetle
 16023 | D:11     | Killed a boulder beetle
 16024 | D:11     | Gained mutation: You regenerate a lot of health from kills.
                  | [demonic ancestry]
 16024 | D:11     | Reached XP level 12. HP: 19/91 MP: 0/20
 17324 | D:11     | Learned a level 2 spell: Sublimation of Blood
 17466 | Temple   | Entered the Ecumenical Temple
 17494 | Temple   | Fell from the grace of Ignis
 17494 | Temple   | Became a worshipper of Vehumet
 17636 | Lair:1   | Entered Level 1 of the Lair of Beasts
 18409 | Lair:1   | Reached skill level 11 in Fire Magic
 18555 | Lair:1   | Noticed Erica
 18562 | Lair:1   | Killed Erica
 19577 | Lair:1   | HP: 4/93 [fire elemental[the fiery vengeance of Ignis]
                  | (14)]
 19578 | Lair:1   | Slain by a fire elemental

Illustrated notes

Levels and vault maps discovered:
D:1:      lightli_arrival_maybe_door_vault, layout_basic
D:2:      layout_loops_corners, kennysheep_cross_bottleneck
D:3:      layout_rooms, nicolae_sif_muna_condensation,
          okawaru_ov_weapons_minmay, hellmonk_ecumenical_altar_heavens_door,
          uniq_jessica
D:4:      layout_basic, mainiacjoe_overflow_tiny_flanked,
          mainiacjoe_overflow_catch_the_wave
D:5:      minmay_chambers_of_threes, layout_basic
D:6:      cheibrodos_steamvent, layout_loops_corners,
          minmay_temple_entry_purple_smoke
D:7:      layout_cave_pods, kennysheep_slug_shrine
D:8:      layout_basic, serial_shops, shop, minivault_11, uniq_prince_ribbit1,
          uniq_joseph, uniq_psyche
D:9:      layout_rooms, nicolae_ashenzari_panopticon, serial_glass,
          glass_columns_c, glass_columns_c
D:10:     minmay_coctagon, layout_loops_corners, orc_0_dummy, minivault_22
D:11:     layout_irregular_city, hellmonk_lair_entry_icy, serial_demonic,
          serial_demonic_a, serial_demonic_d, serial_demonic_c,
          serial_demonic_a, serial_demonic_a, serial_demonic_g
Temple:   nicolae_temple_bog_church
Lair:1:   layout_long_grid, uniq_erica
Orc:1:    layout_diamond_mine
Orc:2:    grunt_orc_gardens, layout_diamond_mine, grunt_orc_garden,
          grunt_orc_garden, grunt_orc_garden, grunt_orc_garden, basic_altar,
          uniq_urug, uniq_maurice

Skill      XL: |  1  2  3  4  5  6  7  8  9 10 11 12 |
---------------+-------------------------------------+-----
Fire Magic     | 3 4 5 6 9 10 11 | 11.2
Conjurations   | 1 2 3 4 6 8 |  8.0
Spellcasting   | 2 3 4 5 6 |  6.6
Earth Magic    | 1 2 3 4 5 |  5.0
Armour         | 2 4 5 6 |  6.9
Dodging        | 2 4 5 6 |  6.2
Fighting       | 4 5 7 8 |  8.3
Polearms       | |  2.6

Action                     |  1- 3 |  4- 6 |  7- 9 | 10-12 || total
---------------------------+-------+-------+-------+-------++-------
  Melee: Spear             |    48 |    42 |       |       ||    90
         Punch             |     1 |     1 |       |     3 ||     5
         Halberd           |       |    24 |    46 |   152 ||   222
         Staff             |       |       |       |    58 ||    58
   Cast: Scorch            |    29 |    68 |   128 |    91 ||   316
         Sticky Flame      |       |       |     1 |    36 ||    37
         Stone Arrow       |       |       |       |   147 ||   147
 Invoke: Fiery Armour      |       |     2 |     2 |     8 ||    12
         Rising Flame      |       |       |       |     1 ||     1
  Evoke: Wand              |       |       |       |     1 ||     1
    Use: Scroll            |       |    14 |       |    12 ||    26
         Potion            |       |       |     2 |     5 ||     7
 Armour: Robe              |    12 |       |       |       ||    12
         Ring mail         |       |    26 |    38 |       ||    64
         Scale mail        |       |       |    40 |   318 ||   358
  Dodge: Dodged            |    23 |    45 |    69 |   282 ||   419

Table legend: (Time is in decaauts)
 A = Elapsed time spent in this place.
 B = Non-inter-level travel time spent in this place.
 C = Inter-level travel time spent in this place.
 D = Time resting spent in this place.
 E = Time spent auto-exploring this place.
 F = Levels seen in this place.
 G = Mean time per level.
                   A        B        C        D        E       F      G
               +--------+--------+--------+--------+--------+-----+--------+
         Total |  19678 |  18959 |    719 |   3634 |  12946 |  15 | 1311.9 |
       Dungeon |  17292 |  16615 |    677 |   3206 |  11464 |  11 | 1572.0 |
        Temple |     40 |     30 |     10 |      0 |     14 |   1 |   40.0 |
          Lair |   1351 |   1339 |     12 |    289 |    776 |   1 | 1351.0 |
  Orcish Mines |    993 |    974 |     19 |    139 |    692 |   2 |  496.5 |
               +--------+--------+--------+--------+--------+-----+--------+

Top non-repeatable levels by time:
    D:10: 3243 daAuts
    D:11: 1924 daAuts
     D:2: 1732 daAuts
     D:9: 1523 daAuts
     D:8: 1474 daAuts
     D:7: 1438 daAuts
     D:6: 1364 daAuts
  Lair:1: 1351 daAuts
     D:5: 1229 daAuts
     D:4: 1211 daAuts
     D:1: 1079 daAuts
     D:3: 1071 daAuts
   Orc:1: 877 daAuts
   Orc:2: 116 daAuts
  Temple: 40 daAuts
